AoeStats
← Skipparen

Black Forest

508618682Analyzed
3v3 RM · 10d ago on Sep 23, 2026· 51m 28s· 6 players
Game mode
Random Map
Map size
Normal (6 player)
Population
200
Speed
Normal
Resources
Standard
Victory
Conquest
Starting age
Dark Age
Ending age
Imperial Age
RankedLock teamsTeams togetherTeam positionsShared explorationLock speedFull tech treeHidden civsTurbo modeCheats
Victory
Defeat
🇳🇱 Burgundians · Netherlands
910
+12
🇳🇴 Romans · Norway
737
+19
🇪🇸 Portuguese · Spain
666
+21
🇷🇺 Poles · Russia
835
-19
🇦🇺 Varangians · Australia
792
-17
🇨🇳 Franks · China
766
-16
Radolf
0:39 Loom
11:56 Feudal Age
12:29 Town Watch
13:31 Wheelbarrow
13:05 Double-Bit Axe
14:57 Horse Collar
20:37 Castle Age
19:08 Scale Barding Armor
19:28 Stone Mining
21:34 Hand Cart
23:51 Bow Saw
23:36 Fletching
27:04 Murder Holes
29:43 Squires
32:07 Gambesons
32:10 Arson
33:24 Ballistics
34:28 Scale Mail Armor
36:49 Forging
39:44 Chain Mail Armor
40:26 Iron Casting
40:02 Bodkin Arrow
44:02 Heavy Plow
47:07 Padded Archer Armor
47:17 Scale Barding Armor
50:48 Leather Archer Armor
domsen
0:30 Loom
15:01 Feudal Age
17:24 Double-Bit Axe
20:31 Wheelbarrow
22:52 Arson
25:12 Castle Age
Etheling
0:34 Loom
12:52 Feudal Age
13:40 Horse Collar
13:48 Double-Bit Axe
14:04 Gold Mining
15:08 Stone Mining
18:49 Wheelbarrow
23:31 Castle Age
22:25 Scale Mail Armor
22:53 Forging
23:04 Arson
24:17 Heavy Plow
24:30 Bow Saw
25:24 Stone Shaft Mining
25:12 Chain Mail Armor
25:17 Squires
27:52 Fortified Wall
31:27 Fervor
32:15 Iron Casting
33:38 Hand Cart
38:46 Imperial Age
36:38 Fletching
37:03 Masonry
37:04 Caravan
37:18 Bodkin Arrow
38:03 Ballistics
38:15 Murder Holes
38:00 Treadmill Crane
38:57 Coinage
40:34 Chemistry
39:57 Conscription
40:22 Hoardings
40:40 Crop Rotation
40:20 Elite Obuch
41:40 Plate Mail Armor
43:18 Blast Furnace
45:56 Banking
48:13 Block Printing
48:19 Scale Barding Armor
49:59 Szlachta Privileges
49:17 Cavalier
Skipparen
13:45 Feudal Age
14:14 Loom
14:47 Double-Bit Axe
20:13 Castle Age
18:06 Man-at-Arms
18:48 Scale Mail Armor
18:47 Horse Collar
21:08 Forging
23:26 Long Swordsman
24:49 Chain Mail Armor
28:36 Wheelbarrow
31:07 Squires
32:15 Iron Casting
32:10 Ballistics
33:00 Ballistas
33:58 Hand Cart
38:13 Imperial Age
36:39 Fletching
38:25 Legionary
38:41 Heavy Scorpion
41:23 Blast Furnace
40:49 Masonry
41:39 Chemistry
52:04 Scale Barding Armor
52:00 Padded Archer Armor
51:55 Bodkin Arrow
Jeurus2
1:31 Loom
7:04 Double-Bit Axe
11:40 Feudal Age
11:44 Horse Collar
17:49 Castle Age
16:15 Gold Mining
16:43 Bow Saw
18:51 Heavy Plow
19:55 Two-Man Saw
18:47 Cavalier
23:14 Husbandry
27:25 Wheelbarrow
27:15 Scale Barding Armor
27:20 Forging
28:17 Town Watch
30:16 Hand Cart
33:11 Gold Shaft Mining
34:33 Stone Mining
38:04 Imperial Age
38:35 Capped Ram
40:38 Paladin
42:12 Chain Barding Armor
42:28 Iron Casting
42:44 Conscription
42:31 Burgundian Vineyards
43:33 Plate Barding Armor
47:49 Blast Furnace
zuralvsa
12:48 Feudal Age
17:46 Castle Age
22:36 Gold Mining
25:48 Imperial Age
23:15 Stone Mining
23:14 Double-Bit Axe
25:10 Bow Saw
25:46 Stone Shaft Mining
28:59 Arquebus
30:03 Chemistry
30:51 Two-Man Saw
31:54 Ballistics
32:35 Guard Tower
32:57 Fortified Wall
32:53 Murder Holes
32:33 Elite Organ Gun
35:45 Bombard Tower
41:04 Scale Barding Armor
41:00 Scale Mail Armor
41:00 Padded Archer Armor
40:51 Fletching
41:12 Forging
41:40 Keep
40:56 Heated Shot
40:47 Treadmill Crane
41:18 Masonry
46:44 Town Watch
47:35 Wheelbarrow
46:46 Loom
Connection lost

Rejoining the realm…

Still unreachable

The connection could not be restored.

Session expired

The server has moved on; the page needs a fresh start.